 Dungeon Crawl Stone Soup version 0.14-a0-2746-g43b4f9c (webtiles) character file.

13059 HollowCharge the Carver (level 11, -2/97 HPs)
             Began as a Demonspawn Fighter on Feb 22, 2014.
             Was a High Priest of Makhleb.
             Killed from afar by a manticore (6 damage)
             ... with a volley of spikes
             ... on Level 4 of the Lair of Beasts.
             The game lasted 01:32:49 (13741 turns).

HollowCharge the Carver (Demonspawn Fighter)       Turns: 13741, Time: 01:32:49

HP  -2/97        AC 23     Str 19      XL: 11   Next: 66%
MP   0/15        EV  6     Int  9      God: Makhleb [*****.]
Gold 321         SH 26     Dex 20      Spells:  0 memorised, 10 levels left

rFire  . . .     SeeInvis .     M - +5,-1 long sword "Fish" {slice, +Inv Dex+3}
rCold  . . .     Clarity  +     h - +2 chain mail {rPois}
rNeg   . . .     Conserve .     Q - +1 dwarf shield
rPois  +         rCorr    .     (helmet restricted)
rElec  .         rRot     .     l - +2 dwarf cloak {rPois}
SustAb . .       Spirit   +     (no gloves)
rMut   .         Warding  .     b - +0 pair of boots of Listlessness {Str+1 Dex+2}
Saprov . . .     Stasis   .     A - amulet of clarity
MR     +....                    w - +2 ring of protection
                                o - ring of protection from magic

@: about to teleport, somewhat resistant to hostile enchantments, extremely
unstealthy
A: horns 2, iridescent scales 1, robust 1, spiny 3, magic shield, magic
regeneration
a: Minor Destruction, Lesser Servant of Makhleb, Major Destruction, Greater
Servant of Makhleb, Renounce Religion, Evoke Invisibility


You were on level 4 of the Lair of Beasts.
You worshipped Makhleb.
Makhleb was extremely pleased with you.
You were not hungry.

You visited 3 branches of the dungeon, and saw 15 of its levels.

You collected 577 gold pieces.
You spent 256 gold pieces at shops.

Inventory:

Hand weapons
 d - a +3,+2 elven falchion of slicing
 C - a +0,+0 long sword
 M - the +5,-1 long sword "Fish" (weapon) {slice, +Inv Dex+3}
   (You bought it in a shop on level 10 of the Dungeon)

   It inflicts extra damage upon your enemies.
   It affects your dexterity (+3).
   It lets you turn invisible.
Missiles
 z - 6 poisoned needles (quivered)
Armour
 b - the +0 pair of boots of Listlessness (worn) {Str+1 Dex+2}
   (You found it on level 10 of the Dungeon)

   It affects your strength (+1).
   It affects your dexterity (+2).
 h - a +2 chain mail of poison resistance (worn)
 l - a +2 dwarven cloak of poison resistance (worn)
 K - a +2 leather armour of fire resistance
 Q - a +1 dwarven shield (worn)
Magical devices
 e - a wand of paralysis (13)
 k - a wand of polymorph (0)
 u - a wand of draining (0)
 x - a wand of slowing (7)
 y - a wand of fire (4)
Comestibles
 a - 3 meat rations
 c - a beef jerky
 i - a choko
 m - a banana
 n - a chunk of bat flesh
 p - 4 pears
 B - a slice of pizza
 D - 4 chunks of sheep flesh
 G - 3 honeycombs
Scrolls
 f - a scroll of fear
 q - a scroll of enchant weapon I
 r - 6 scrolls of teleportation
 s - a scroll of identify
 v - 2 scrolls of remove curse
 E - 4 scrolls of fog
Jewellery
 o - a ring of protection from magic (left hand)
 w - a +2 ring of protection (right hand)
 A - an amulet of clarity (around neck)
Potions
 g - 3 potions of might {unknown}
 j - 11 potions of curing


   Skills:
 + Level 9.0 Fighting
 * Level 11.1 Long Blades
 - Level 8.0 Armour
 + Level 1.4 Dodging
 - Level 8.0 Shields
 + Level 2.7 Invocations


You had 10 spell levels left.
You didn't know any spells.

Dungeon Overview and Level Annotations

Branches:
Dungeon (10/16)            Temple (1/1) D:7             Orc (0/4) D:9
   Lair (4/8) D:10         Shoals (0/5) Lair:4
  Swamp: Lair:3-6     Snake: Lair:3-6    Spider: Lair:3-6

Altars:
Ashenzari
Cheibriados
Dithmenos
Elyvilon
Fedhas
Kikubaaqudgha
Makhleb
Nemelex Xobeh
Okawaru
Sif Muna
Trog
Vehumet
Xom
Yredelemnul
Zin
The Shining One

Shops:
D:10 (

Annotations:
D:10 Nergalle


Innate Abilities, Weirdness & Mutations

You have a pair of horns on your head.
You are partially covered in iridescent scales (AC +4).
You are robust (+10% HP).
You are completely covered in sharp spines.
When hurt, damage is shared between your health and your magic reserves.
You regenerate magic rapidly.


Message History

The manticore claws you.
* * * LOW HITPOINT WARNING * * *
The manticore bites you.
* * * LOW HITPOINT WARNING * * *
You block the manticore's attack.
The manticore claws you but does no damage.
As you read the scroll of fear, it crumbles to dust.
You assume a fearsome visage.
The manticore looks frightened!
The manticore looks frightened!
The manticore flicks its tail!
The volley of spikes skewers you!
As you read the scroll of teleportation, it crumbles to dust.
You feel strangely unstable.
The manticore flicks its tail!
The volley of spikes skewers you!
The barbed spikes become lodged in your body.
* * * LOW HITPOINT WARNING * * *
The barbed spikes dig painfully into your body as you move.
* * * LOW HITPOINT WARNING * * *
The manticore flicks its tail!
The volley of spikes skewers you!
The barbed spikes become lodged in your body.
You die...

## ### ### #.###.# ###.#
#...## ##...# ##...####
##....#####....##.#
.....#.#.#.#.#.#@## #
...f.............##.#
.....#[#.#.#.#.#...#
>............H.H.....H..P#
.....#.#.#.#.#.#.........
...................#..>.P
f...##.#.#.#.#.#...##....
P#................## #..
###.##.#.#.#.#.#... .


You could see 2 manticores.

Vanquished Creatures
  2 hydras
  Erolcha (D:10)
  Joseph (D:7)
  A manticore (Lair:4)
  A black mamba (Lair:1)
  2 spiny frogs (Lair:4)
  A trapdoor spider zombie (D:8)
  A queen bee (D:9)
  A basilisk (D:10)
  A troll (D:9)
  13 yaks
  Eustachio (D:7)
  7 hippogriffs
  An orc warrior (Temple)
  6 porcupines
  A phantom (D:9)
  An ice beast (D:5)
  2 black bears
  A centaur (D:5)
  Sigmund (D:5)
  Duvessa (D:4)
  4 water moccasins
  6 giant slugs
  7 crocodiles
  Blork the orc (D:7)
  5 giant frogs
  An agate snail (Lair:2)
  A big kobold (D:10)
  A wyvern skeleton (D:6)
  23 killer bees
  Dowan (D:4)
  5 crimson imps
  3 jellies
  2 goliath beetles
  2 quasits
  2 giant frog skeletons
  An orc priest (D:6)
  6 hounds
  An iguana (D:9)
  2 orc wizards (D:6)
  A scorpion (D:10)
  Natasha (thrice) (D:5)
  An iron imp (D:7)
  5 worker ants
  12 sheep (Lair:4)
  13 adders
  7 gnolls
  2 giant centipedes
  4 green rats
  5 giant mites
  4 worms
  2 grey rats (D:7)
  2 giant eyeballs
  7 giant geckos
  20 orcs
  2 ball pythons
  12 goblins
  12 hobgoblins
  8 jackals
  15 kobolds
  13 bats
  5 giant cockroaches
  3 giant newts
  A giant spore (D:8)
  A hobgoblin zombie (D:8)
  An orc skeleton (D:4)
  An orc zombie (D:9)
  6 quokkas
  12 rats
  A rat zombie (D:7)
  2 ballistomycetes (D:8)
  A fungus (Lair:4)
305 creatures vanquished.

Vanquished Creatures (others)
  A giant spore (D:10)
  A bush (D:10)
  2 plants (D:10)
4 creatures vanquished.

Grand Total: 309 creatures vanquished

Notes
Turn   | Place    | Note
--------------------------------------------------------------
     0 | D:1      | HollowCharge, the Demonspawn Fighter, began the quest for the Orb.
     0 | D:1      | Reached XP level 1. HP: 18/18 MP: 1/1
   187 | D:1      | Gained mutation: When hurt, damage is shared between your health and your magic reserves. [demonic ancestry]
   187 | D:1      | Reached XP level 2. HP: 13/24 MP: 2/2
   860 | D:2      | Found a snail-covered altar of Cheibriados.
   860 | D:2      | Found a basalt altar of Yredelemnul.
   890 | D:2      | Gained mutation: You are partially covered in iridescent scales (AC +4). [demonic ancestry]
   890 | D:2      | Reached XP level 3. HP: 24/29 MP: 3/3
  1536 | D:2      | Gained mutation: You are partially covered in sharp spines. [demonic ancestry]
  1536 | D:2      | Reached XP level 4. HP: 32/35 MP: 4/4
  2147 | D:3      | Gained mutation: You regenerate magic rapidly. [demonic ancestry]
  2147 | D:3      | Reached XP level 5. HP: 41/41 MP: 5/5
  2364 | D:4      | Noticed Dowan
  2365 | D:4      | Noticed Duvessa
  2435 | D:4      | Killed Duvessa
  2932 | D:4      | Killed Dowan
  2932 | D:4      | Reached skill level 4 in Fighting
  2932 | D:4      | Gained mutation: You have a pair of small horns on your head. [demonic ancestry]
  2932 | D:4      | Reached XP level 6. HP: 48/48 MP: 6/6
  3014 | D:5      | Entered Level 5 of the Dungeon
  3158 | D:5      | Found a blossoming altar of Fedhas.
  3200 | D:5      | Noticed Natasha
  3207 | D:5      | Killed Natasha
  3454 | D:5      | Gained mutation: You are mostly covered in sharp spines. [demonic ancestry]
  3454 | D:5      | Reached XP level 7. HP: 55/55 MP: 7/7
  3545 | D:5      | Noticed Natasha
  3551 | D:5      | Killed Natasha
  3603 | D:5      | Reached skill level 5 in Long Blades
  3742 | D:5      | Noticed Natasha
  3746 | D:5      | Killed Natasha
  3792 | D:5      | Noticed Sigmund
  3804 | D:5      | Killed Sigmund
  4374 | D:6      | Reached skill level 5 in Fighting
  4513 | D:6      | Gained mutation: You have a pair of horns on your head. [demonic ancestry]
  4513 | D:6      | Reached XP level 8. HP: 62/62 MP: 8/8
  4890 | D:7      | Reached skill level 6 in Long Blades
  5074 | D:7      | Noticed Eustachio
  5124 | D:7      | Killed Eustachio
  5124 | D:7      | Reached skill level 5 in Shields
  5375 | D:7      | Noticed Blork the orc
  5393 | D:7      | Killed Blork the orc
  5393 | D:7      | Reached skill level 5 in Armour
  5600 | D:7      | Noticed Joseph
  5710 | D:7      | Found a staircase to the Ecumenical Temple.
  5722 | Temple   | Entered the Ecumenical Temple
  6351 | Temple   | Became a worshipper of Makhleb the Destroyer
  6713 | D:7      | Killed Joseph
  6713 | D:7      | Reached skill level 7 in Long Blades
  6713 | D:7      | Gained mutation: You are completely covered in sharp spines. [demonic ancestry]
  6713 | D:7      | Reached XP level 9. HP: 16/69 MP: 6/9
  8114 | D:8      | Acquired Makhleb's first power
  8228 | D:9      | Noticed a hill giant
  8443 | D:9      | Reached skill level 8 in Long Blades
  8845 | D:9      | Gained mutation: You are robust (+10% HP). [demonic ancestry]
  8845 | D:9      | Reached XP level 10. HP: 39/86 MP: 10/10
  9046 | D:9      | Found a staircase to the Orcish Mines.
  9207 | D:9      | Acquired Makhleb's second power
  9479 | D:9      | Reached skill level 9 in Long Blades
  9601 | D:10     | Entered Level 10 of the Dungeon
  9635 | D:10     | Noticed Erolcha
  9666 | D:10     | Killed Erolcha
  9800 | D:10     | Found Oruecvuth's Antique Weapon Boutique.
  9810 | D:10     | Bought a brightly glowing long sword for 256 gold pieces
  9811 | D:10     | Identified the cursed +5,-1 long sword "Fish" {slice, +Inv Dex+3} (You bought it in a shop on level 10 of the Dungeon)
 10142 | D:10     | Noticed Nergalle
 10429 | D:10     | Got a pair of steaming boots
 10463 | D:10     | Identified the +0 pair of boots of Listlessness {Str+1 Dex+2} (You found it on level 10 of the Dungeon)
 10608 | D:10     | Found a staircase to the Lair.
 10651 | D:10     | Acquired Makhleb's third power
 10651 | D:10     | Reached skill level 10 in Long Blades
 10654 | D:10     | Paralysed by a giant eyeball for 2 turns
 10790 | Lair:1   | Entered Level 1 of the Lair of Beasts
 10792 | Lair:1   | Noticed a four-headed hydra
 10797 | Lair:1   | Killed a four-headed hydra
 10797 | Lair:1   | Reached XP level 11. HP: 71/94 MP: 9/11
 12096 | Lair:2   | Noticed a four-headed hydra
 13110 | Lair:4   | Acquired Makhleb's fourth power
 13434 | Lair:4   | Killed a four-headed hydra
 13434 | Lair:4   | Reached skill level 1 in Invocations
 13495 | Lair:4   | Reached skill level 1 in Dodging
 13503 | Lair:4   | Reached skill level 11 in Long Blades
 13617 | Lair:4   | Acquired Makhleb's fifth power
 13618 | Lair:4   | Found a staircase to the Shoals.
 13741 | Lair:4   | HP: 4/97 [barbs]
 13741 | Lair:4   | Killed from afar by a manticore

Action                   |  1- 3 |  4- 6 |  7- 9 | 10-12 || total
-------------------------+-------+-------+-------+-------++-------
Melee: Falchion          |   132 |   256 |   378 |       ||   766
       Long sword        |       |       |   240 |   546 ||   786
Throw: Throwing net      |       |       |     2 |       ||     2
Invok: Minor Destruction |       |       |       |     2 ||     2
Evoke: Wand              |       |     1 |    35 |    21 ||    57
  Use: Scroll            |       |    13 |     6 |    10 ||    29
       Potion            |       |       |    13 |     1 ||    14
